LOS ANGELES vs COLUMBUS

Created - February-13-21 at 20:13

Goals
1 2 3 T
LOS ANGELES 0 0 0 0
COLUMBUS 1 0 0 1
Shots
1 2 3 T
LOS ANGELES 5 6 11 22
COLUMBUS 14 10 9 33

1st period

1. COLUMBUS , Luke Kunin 1 (Jonathan Drouin 7, Jacob Trouba 12) at 3:40

Penalties :
Erik Cernak (CBJ) for High sticking (Minor) at 0:44, Zdeno Chara (LOS) for High sticking (Minor) at 15:47

2nd period

No Goal

Penalties :
Ben Chiarot (CBJ) for Holding (Minor) at 2:13, Matthew Tkachuk (LOS) for Hooking (Minor) at 9:32, Zdeno Chara (LOS) for Cross-checking (Minor) at 15:55

3rd period

No Goal

Penalties :
Sean Kuraly (CBJ) for Hooking (Minor) at 13:35

Goalie Stats

Antti Raanta (LOS), 32 saves from 33 shots - (0.970), L, 12-9-1, 60:00 minutes
Mikko Koskinen (CBJ), 22 saves from 22 shots - (1.000), W, 9-7-1, 60:00 minutes

Players Stats for LOS ANGELES

Player Name              G  A  P  +/- PIM S  H  SB GA TA FO     MP     PP MP  PK MP  
------------------------------------------------------------------------------------
Alex Goligoski           0  0  0   0  0   1  1  0  0  0  0/0    20:18   3:15   2:17 
Artem Anisimov           0  0  0  -1  0   0  0  0  0  0  0/0    12:47   0:00   0:00 
Gabriel Bourque          0  0  0   0  0   1  0  0  0  0  0/0     4:57   0:00   0:00 
Johnny Boychuk           0  0  0  -1  0   1  2  1  0  0  0/0    14:30   0:00   0:13 
Jonathan Toews           0  0  0   0  0   7  1  0  0  0  8/17   20:34   2:46   4:10 
Josh Manson              0  0  0  -1  0   0  1  3  0  0  0/0    15:41   0:00   1:24 
Kris Letang              0  0  0   0  0   1  1  1  0  0  0/0    25:12   2:42   3:27 
Matthew Tkachuk          0  0  0   0  2   2  1  0  0  0  0/2    20:54   3:11   1:00 
Mika Zibanejad           0  0  0   0  0   4  1  2  0  0  19/42  24:02   3:11   4:07 
Mike Hoffman             0  0  0   0  0   1  2  0  0  0  1/1    16:36   2:46   0:12 
Nick Bonino              0  0  0   0  0   1  0  0  0  0  0/0    16:24   2:46   0:00 
Nick Cousins             0  0  0   0  0   0  0  0  0  0  4/8     4:57   0:00   0:00 
Riley Nash               0  0  0   0  0   0  0  0  0  0  0/0     4:57   0:00   0:00 
Ryan McDonagh            0  0  0   0  0   0  3  3  0  0  0/0    25:12   2:42   3:27 
Travis Zajac             0  0  0  -1  0   0  0  0  0  0  5/7    13:14   0:00   0:27 
Tyler Seguin             0  0  0   0  0   1  0  0  0  0  1/1    21:33   3:11   1:38 
Vladislav Namestnikov    0  0  0  -1  0   1  1  0  0  0  1/1    13:07   0:00   0:20 
Zdeno Chara              0  0  0   0  4   1  2  0  0  0  0/0    19:05   3:15   1:06 

Players Stats for COLUMBUS

Player Name              G  A  P  +/- PIM S  H  SB GA TA FO     MP     PP MP  PK MP  
------------------------------------------------------------------------------------
Aleksander Barkov        0  0  0   0  0   4  0  0  0  0  12/28  22:28   3:03   2:47 
Anthony Beauvillier      0  0  0   0  0   2  4  0  0  0  1/1    19:41   3:03   0:00 
Ben Chiarot              0  0  0   1  2   0  2  3  0  0  0/0    20:04   2:34   1:42 
Cam Atkinson             0  0  0   0  0   7  0  0  0  0  0/0    14:55   0:00   1:50 
Carl Gunnarsson          0  0  0   0  0   0  0  0  0  0  0/0     3:37   0:00   0:27 
Derek Grant              0  0  0   0  0   0  0  0  0  0  5/12   13:05   0:00   0:00 
Erik Cernak              0  0  0   0  2   1  4  0  0  0  0/0    13:55   0:00   0:00 
Jack Roslovic            0  0  0   0  0   2  0  0  0  0  5/7     5:14   0:00   1:20 
Jacob Trouba             0  1  1   1  0   1  2  0  0  0  0/0    20:28   2:34   3:04 
John Carlson             0  0  0   0  0   4  0  0  0  0  0/0    25:36   3:23   2:53 
Jonathan Drouin          0  1  1   1  0   2  0  0  0  0  0/0    17:23   2:54   0:00 
Kaapo Kakko              0  0  0   0  0   1  1  0  0  0  0/0     3:54   0:00   0:00 
Luke Kunin               1  0  1   1  0   3  0  0  0  0  9/19   17:23   2:54   0:00 
Marcus Sorensen          0  0  0   0  0   0  0  0  0  0  0/0     5:14   0:00   1:20 
Mattias Ekholm           0  0  0   0  0   1  2  1  0  0  0/0    22:26   3:23   2:53 
Ryan Murray              0  0  0   0  0   0  0  0  0  0  0/0    13:52   0:00   0:55 
Sean Kuraly              0  0  0   0  2   3  0  0  0  0  2/2    13:04   0:00   0:00 
Steven Stamkos           0  0  0   0  0   2  4  0  0  0  3/5    22:28   3:03   2:47 
T.J. Oshie               0  0  0   1  0   0  1  0  0  0  3/5    19:13   2:54   1:50 

3 Stars

1 - Mikko Koskinen (CBJ)
2 - Antti Raanta (LOS)
3 - Luke Kunin (CBJ)

Power Play

LOS ANGELES - 0 on 3 Attempt(s) - 0.00%
COLUMBUS - 0 on 3 Attempt(s) - 0.00%

Penalty Kill

LOS ANGELES - 3 on 3 Attempt(s) - 100.00% - Score 0 goal in Penalty Kill
COLUMBUS - 3 on 3 Attempt(s) - 100.00% - Score 0 goal in Penalty Kill

Team Stat

LOS ANGELES - Hits : 16 - Faceoff Wins : 39 - Blocked Shots : 10 - Penalty Minutes : 6
COLUMBUS - Hits : 20 - Faceoff Wins : 40 - Blocked Shots : 4 - Penalty Minutes : 6

Official

Referees : Graham Skilliter and Pierre Lambert
Linesman : Travis Gawryletz and Justin Cornell

Game Notes

No Game Note

Finance

Level 1 -- Attendance: 5384 (89.73%) -- Ticket Income $484,560
Level 2 -- Attendance: 4425 (88.50%) -- Ticket Income $221,250
Level 3 -- Attendance: 1799 (89.95%) -- Ticket Income $53,970
Level 4 -- Attendance: 4000 (100.00%) -- Ticket Income $60,000
Luxury Box -- Attendance: 1000 (100.00%) -- Ticket Income $180,000
Game was played at the Nationwide Arena.
Total Attendance: 16608 (92.27%)
Total Ticket Income: $999,780
Total Income: $999,780

LOS ANGELES

5 vs 5 Forward 
   Center                   Left Wing                Right Wing               Time % Phy DF OF 
 1 Mika Zibanejad           Matthew Tkachuk          Tyler Seguin             40     1   2  2  
 2 Jonathan Toews           Nick Bonino              Mike Hoffman             35     1   2  2  
 3 Travis Zajac             Vladislav Namestnikov    Artem Anisimov           20     1   2  2  
 4 Nick Cousins             Gabriel Bourque          Riley Nash               5      1   2  2  

5 vs 5 Defense 
   Defense                  Defense                                           Time % Phy DF OF 
 1 Kris Letang              Ryan McDonagh                                     35     1   2  2  
 2 Zdeno Chara              Alex Goligoski                                    30     1   2  2  
 3 Johnny Boychuk           Josh Manson                                       25     1   2  2  
 4 Kris Letang              Ryan McDonagh                                     10     1   2  2  

PowerPlay Forward 
   Center                   Left Wing                Right Wing               Time % Phy DF OF 
 1 Mika Zibanejad           Matthew Tkachuk          Tyler Seguin             60     1   2  2  
 2 Jonathan Toews           Nick Bonino              Mike Hoffman             40     1   2  2  

PowerPlay Defense
   Defense                  Defense                                           Time % Phy DF OF 
 1 Kris Letang              Ryan McDonagh                                     60     1   2  2  
 2 Zdeno Chara              Alex Goligoski                                    40     1   2  2  

Penalty Kill 4 Players Forward 
   Center                   Wing                     Time % Phy DF OF 
 1 Mika Zibanejad           Jonathan Toews           60     1   2  2  
 2 Matthew Tkachuk          Tyler Seguin             40     1   2  2  

Penalty Kill 4 Players Defense
   Defense                  Defense                  Time % Phy DF OF 
 1 Kris Letang              Ryan McDonagh            60     1   2  2  
 2 Zdeno Chara              Alex Goligoski           40     1   2  2  

Penalty Kill - 3 Players Forward 
   Forward                                           Time % Phy DF OF 
 1 Mika Zibanejad                                    60     1   2  2  
 2 Jonathan Toews                                    40     1   2  2  

Penalty Kill - 3 Players Defense
   Defense                  Defense                  Time % Phy DF OF 
 1 Kris Letang              Ryan McDonagh            60     1   2  2  
 2 Zdeno Chara              Alex Goligoski           40     1   2  2  

4 vs 4 Forward 
   Center                   Wing                     Time % Phy DF OF 
 1 Mika Zibanejad           Jonathan Toews           60     1   2  2  
 2 Matthew Tkachuk          Tyler Seguin             40     1   2  2  

4 vs 4 Defense
   Defense                  Defense                  Time % Phy DF OF 
 1 Kris Letang              Ryan McDonagh            60     1   2  2  
 2 Zdeno Chara              Alex Goligoski           40     1   2  2  

Last Minutes Offensive
   Center                   Left Wing                Right Wing               Defense                  Defense                  
   Mika Zibanejad           Matthew Tkachuk          Tyler Seguin             Kris Letang              Ryan McDonagh            

Last Minutes Defensive
   Center                   Left Wing                Right Wing               Defense                  Defense                  
   Mika Zibanejad           Matthew Tkachuk          Tyler Seguin             Kris Letang              Ryan McDonagh            

Goaltenders
Starting : Antti Raanta             
Backup : Jaroslav Halak           

Extra Forwards
Normal : Tyler Seguin, Travis Zajac, Vladislav Namestnikov - PP : Tyler Seguin, Travis Zajac - PK : Vladislav Namestnikov
Extra Defensemen
Normal : Johnny Boychuk, Josh Manson, Zdeno Chara - PP : Johnny Boychuk - PK : Josh Manson, Zdeno Chara
Penalty Shots
Mika Zibanejad, Jonathan Toews, Tyler Seguin, Matthew Tkachuk, Mike Hoffman

Scratches
None

COLUMBUS

5 vs 5 Forward 
   Center                   Left Wing                Right Wing               Time % Phy DF OF 
 1 Aleksander Barkov        Anthony Beauvillier      Steven Stamkos           35     1   2  2  
 2 Luke Kunin               Jonathan Drouin          T.J. Oshie               30     1   2  2  
 3 Derek Grant              Sean Kuraly              Cam Atkinson             25     1   2  2  
 4 Jack Roslovic            Marcus Sorensen          Kaapo Kakko              10     1   2  2  

5 vs 5 Defense 
   Defense                  Defense                                           Time % Phy DF OF 
 1 John Carlson             Mattias Ekholm                                    35     1   2  2  
 2 Jacob Trouba             Ben Chiarot                                       30     1   2  2  
 3 Erik Cernak              Ryan Murray                                       25     1   2  2  
 4 Carl Gunnarsson          John Carlson                                      10     1   2  2  

PowerPlay Forward 
   Center                   Left Wing                Right Wing               Time % Phy DF OF 
 1 Aleksander Barkov        Anthony Beauvillier      Steven Stamkos           60     1   2  2  
 2 Luke Kunin               Jonathan Drouin          T.J. Oshie               40     1   2  2  

PowerPlay Defense
   Defense                  Defense                                           Time % Phy DF OF 
 1 John Carlson             Mattias Ekholm                                    60     1   2  2  
 2 Jacob Trouba             Ben Chiarot                                       40     1   2  2  

Penalty Kill 4 Players Forward 
   Center                   Wing                     Time % Phy DF OF 
 1 Aleksander Barkov        Steven Stamkos           60     1   2  2  
 2 T.J. Oshie               Cam Atkinson             40     1   2  2  

Penalty Kill 4 Players Defense
   Defense                  Defense                  Time % Phy DF OF 
 1 John Carlson             Mattias Ekholm           60     1   2  2  
 2 Jacob Trouba             Ben Chiarot              40     1   2  2  

Penalty Kill - 3 Players Forward 
   Forward                                           Time % Phy DF OF 
 1 Aleksander Barkov                                 60     1   2  2  
 2 Steven Stamkos                                    40     1   2  2  

Penalty Kill - 3 Players Defense
   Defense                  Defense                  Time % Phy DF OF 
 1 John Carlson             Mattias Ekholm           60     1   2  2  
 2 Jacob Trouba             Ben Chiarot              40     1   2  2  

4 vs 4 Forward 
   Center                   Wing                     Time % Phy DF OF 
 1 Aleksander Barkov        Steven Stamkos           60     1   2  2  
 2 T.J. Oshie               Cam Atkinson             40     1   2  2  

4 vs 4 Defense
   Defense                  Defense                  Time % Phy DF OF 
 1 John Carlson             Mattias Ekholm           60     1   2  2  
 2 Jacob Trouba             Ben Chiarot              40     1   2  2  

Last Minutes Offensive
   Center                   Left Wing                Right Wing               Defense                  Defense                  
   Aleksander Barkov        Anthony Beauvillier      Steven Stamkos           John Carlson             Mattias Ekholm           

Last Minutes Defensive
   Center                   Left Wing                Right Wing               Defense                  Defense                  
   Aleksander Barkov        Anthony Beauvillier      Steven Stamkos           John Carlson             Mattias Ekholm           

Goaltenders
Starting : Mikko Koskinen           
Backup : David Rittich            

Extra Forwards
Normal : Derek Grant, Sean Kuraly, Jack Roslovic - PP : Derek Grant, Sean Kuraly - PK : Jack Roslovic
Extra Defensemen
Normal : Erik Cernak, Ryan Murray, Carl Gunnarsson - PP : Erik Cernak - PK : Ryan Murray, Carl Gunnarsson
Penalty Shots
Aleksander Barkov, Steven Stamkos, T.J. Oshie, Cam Atkinson, Anthony Beauvillier

Scratches
Emil Bemstrom (Healthy), CBJ Cap Hit (Suspend)

% Time on Ice - LOS ANGELES

Lines # - Real PCT - Wanted PCT - Time Play
Normal Forward
1 - 35% - 40% - 16:32
2 - 28% - 35% - 13:38
3 - 27% - 20% - 12:47
4 - 10% - 5% - 4:57
Normal Defense
1 - 35% - 35% - 16:40
2 - 31% - 30% - 14:46
3 - 30% - 25% - 14:17
4 - 5% - 10% - 2:11
PP Forward
1 - 54% - 60% - 3:11
2 - 46% - 40% - 2:46
PP Defense
1 - 45% - 60% - 2:42
2 - 55% - 40% - 3:15
PK Forward
1 - 73% - 60% - 4:19
2 - 27% - 40% - 1:38
PK Defense
1 - 58% - 60% - 3:27
2 - 42% - 40% - 2:30
PK3 Forward
1 - 0% - 60%
2 - 0% - 40%
PK3 Defense
1 - 0% - 60%
2 - 0% - 40%
44 Forward
1 - 0% - 60%
2 - 0% - 40%
44 Defense
1 - 0% - 60%
2 - 0% - 40%
Last Minute Offensive  - 0:12
Last Minute Defensive  - 0:00
Total
Forward - 60:00
Defense - 60:00

% Time on Ice - COLUMBUS

Lines # - Real PCT - Wanted PCT - Time Play
Normal Forward
1 - 34% - 35% - 16:01
2 - 31% - 30% - 14:29
3 - 28% - 25% - 13:05
4 - 8% - 10% - 3:54
Normal Defense
1 - 33% - 35% - 15:33
2 - 33% - 30% - 15:49
3 - 27% - 25% - 12:57
4 - 7% - 10% - 3:10
PP Forward
1 - 51% - 60% - 3:03
2 - 49% - 40% - 2:54
PP Defense
1 - 57% - 60% - 3:23
2 - 43% - 40% - 2:34
PK Forward
1 - 69% - 60% - 4:07
2 - 31% - 40% - 1:50
PK Defense
1 - 48% - 60% - 2:53
2 - 52% - 40% - 3:04
PK3 Forward
1 - 0% - 60%
2 - 0% - 40%
PK3 Defense
1 - 0% - 60%
2 - 0% - 40%
44 Forward
1 - 0% - 60%
2 - 0% - 40%
44 Defense
1 - 0% - 60%
2 - 0% - 40%
Last Minute Offensive  - 0:00
Last Minute Defensive  - 0:37
Total
Forward - 60:00
Defense - 60:00

Play-by-Play

1st period


0:01 of 1st period - Mika Zibanejad wins face-off versus Aleksander Barkov in neutral zone.
0:23 of 1st period - Steven Stamkos is hit by Ryan McDonagh and loses puck.
0:32 of 1st period - Shot by Aleksander Barkov.
0:32 of 1st period - Stopped by Antti Raanta without a rebound.
0:33 of 1st period - Luke Kunin wins face-off versus Jonathan Toews in LOS ANGELES zone.
0:38 of 1st period - Shot by Luke Kunin.
0:38 of 1st period - Stopped by Antti Raanta without a rebound.
0:39 of 1st period - Travis Zajac wins face-off versus Derek Grant in LOS ANGELES zone.
0:43 of 1st period - Artem Anisimov is hit by Erik Cernak and loses puck.
0:44 of 1st period - Minor Penalty to Erik Cernak for High sticking.
0:45 of 1st period - Mika Zibanejad wins face-off versus Aleksander Barkov in COLUMBUS zone.
1:04 of 1st period - Shot by Kris Letang.
1:04 of 1st period - Stopped by Mikko Koskinen without a rebound.
1:05 of 1st period - Jonathan Toews wins face-off versus T.J. Oshie in COLUMBUS zone.
1:06 of 1st period - Shot by Alex Goligoski.
1:06 of 1st period - Shot Blocked by Mattias Ekholm.
1:08 of 1st period - Shot by Nick Bonino.
1:08 of 1st period - Stopped by Mikko Koskinen without a rebound.
1:09 of 1st period - T.J. Oshie wins face-off versus Jonathan Toews in COLUMBUS zone.
1:18 of 1st period - Mattias Ekholm is hit by Mike Hoffman and loses puck.
1:27 of 1st period - Shot by Jonathan Toews.
1:27 of 1st period - Stopped by Mikko Koskinen without a rebound.
1:28 of 1st period - T.J. Oshie wins face-off versus Mika Zibanejad in COLUMBUS zone.
1:41 of 1st period - Shot by Ryan McDonagh.
1:41 of 1st period - Shot Blocked by Ben Chiarot.
1:43 of 1st period - Shot by Ryan McDonagh.
1:43 of 1st period - Shot Misses the Net.
1:45 of 1st period - Shot by Ryan McDonagh.
1:45 of 1st period - Shot Misses the Net.
2:21 of 1st period - Shot by Zdeno Chara.
2:21 of 1st period - Shot Misses the Net.
3:05 of 1st period - Travis Zajac is hit by Kaapo Kakko and loses puck.
3:10 of 1st period - Shot by Kaapo Kakko.
3:10 of 1st period - Shot Misses the Net.
3:16 of 1st period - Shot by Jack Roslovic.
3:16 of 1st period - Shot Misses the Net.
3:18 of 1st period - Shot by Marcus Sorensen.
3:18 of 1st period - Shot Blocked by Johnny Boychuk.
3:20 of 1st period - Shot by Kaapo Kakko.
3:20 of 1st period - Shot Misses the Net.
3:22 of 1st period - Shot by Kaapo Kakko.
3:22 of 1st period - Stopped by Antti Raanta with a rebound.
3:38 of 1st period - Shot by Jonathan Drouin.
3:38 of 1st period - Shot Misses the Net.
3:40 of 1st period - Shot by Luke Kunin.
3:40 of 1st period - Goal by Luke Kunin - LOS ANGELES : 0 - COLUMBUS : 1.
3:41 of 1st period - Jonathan Toews wins face-off versus Derek Grant in neutral zone.
4:02 of 1st period - Shot by Cam Atkinson.
4:02 of 1st period - Shot Misses the Net.
4:04 of 1st period - Shot by John Carlson.
4:04 of 1st period - Shot Misses the Net.
4:20 of 1st period - Shot by Sean Kuraly.
4:20 of 1st period - Stopped by Antti Raanta with a rebound.
4:42 of 1st period - Shot by Jacob Trouba.
4:42 of 1st period - Stopped by Antti Raanta with a rebound.
5:16 of 1st period - Shot by Tyler Seguin.
5:16 of 1st period - Stopped by Mikko Koskinen without a rebound.
5:17 of 1st period - Nick Cousins wins face-off versus Luke Kunin in COLUMBUS zone.
5:44 of 1st period - Shot by Gabriel Bourque.
5:44 of 1st period - Shot Misses the Net.
6:35 of 1st period - Shot by Cam Atkinson.
6:35 of 1st period - Stopped by Antti Raanta without a rebound.
6:36 of 1st period - Mika Zibanejad wins face-off versus Aleksander Barkov in LOS ANGELES zone.
6:36 of 1st period - Mika Zibanejad is hit by Steven Stamkos.
6:57 of 1st period - Off-side.
6:58 of 1st period - Jonathan Toews wins face-off versus Jack Roslovic in neutral zone.
7:07 of 1st period - Shot by Mike Hoffman.
7:07 of 1st period - Shot Misses the Net.
7:25 of 1st period - Kaapo Kakko is hit by Mike Hoffman and loses puck.
8:00 of 1st period - Shot by Tyler Seguin.
8:00 of 1st period - Shot Misses the Net.
8:20 of 1st period - Off-side.
8:21 of 1st period - Travis Zajac wins face-off versus Luke Kunin in neutral zone.
8:51 of 1st period - Shot by Jonathan Drouin.
8:51 of 1st period - Shot Blocked by Josh Manson.
9:15 of 1st period - Shot by Steven Stamkos.
9:15 of 1st period - Shot Misses the Net.
9:17 of 1st period - Shot by Erik Cernak.
9:17 of 1st period - Stopped by Antti Raanta without a rebound.
9:18 of 1st period - Sean Kuraly wins face-off versus Mika Zibanejad in LOS ANGELES zone.
9:24 of 1st period - Mika Zibanejad is hit by Erik Cernak and loses puck.
9:45 of 1st period - Shot by Derek Grant.
9:45 of 1st period - Shot Blocked by Mika Zibanejad.
9:47 of 1st period - Shot by Erik Cernak.
9:47 of 1st period - Shot Misses the Net.
11:40 of 1st period - Shot by Riley Nash.
11:40 of 1st period - Shot Blocked by Ben Chiarot.
12:13 of 1st period - Icing by Kris Letang.
12:14 of 1st period - Vladislav Namestnikov wins face-off versus Aleksander Barkov in LOS ANGELES zone.
12:22 of 1st period - Off-side.
12:23 of 1st period - Mika Zibanejad wins face-off versus Aleksander Barkov in neutral zone.
12:23 of 1st period - Mika Zibanejad is hit by Anthony Beauvillier.
12:26 of 1st period - Ryan McDonagh is hit by Mattias Ekholm and loses puck.
12:47 of 1st period - Shot by Steven Stamkos.
12:47 of 1st period - Stopped by Antti Raanta without a rebound.
12:48 of 1st period - Derek Grant wins face-off versus Jonathan Toews in LOS ANGELES zone.
13:27 of 1st period - Shot by Cam Atkinson.
13:27 of 1st period - Stopped by Antti Raanta without a rebound.
13:28 of 1st period - Mika Zibanejad wins face-off versus Steven Stamkos in LOS ANGELES zone.
13:28 of 1st period - Mika Zibanejad is hit by Steven Stamkos.
13:31 of 1st period - Icing by Kris Letang.
13:32 of 1st period - Anthony Beauvillier wins face-off versus Mika Zibanejad in LOS ANGELES zone.
14:57 of 1st period - Jonathan Drouin is hit by Alex Goligoski and loses puck.
15:06 of 1st period - Shot by Jonathan Drouin.
15:06 of 1st period - Stopped by Antti Raanta with a rebound.
15:08 of 1st period - Shot by Ben Chiarot.
15:08 of 1st period - Shot Misses the Net.
15:47 of 1st period - Minor Penalty to Zdeno Chara for High sticking.
15:48 of 1st period - Mika Zibanejad wins face-off versus Aleksander Barkov in LOS ANGELES zone.
17:38 of 1st period - Aleksander Barkov is hit by Josh Manson and loses puck.
17:45 of 1st period - Shot by Anthony Beauvillier.
17:45 of 1st period - Stopped by Antti Raanta without a rebound.
17:46 of 1st period - Mika Zibanejad wins face-off versus Aleksander Barkov in LOS ANGELES zone.
17:46 of 1st period - Mika Zibanejad is hit by Anthony Beauvillier.
18:08 of 1st period - Icing by Riley Nash.
18:09 of 1st period - Nick Cousins wins face-off versus Jack Roslovic in LOS ANGELES zone.
18:21 of 1st period - Icing by Johnny Boychuk.
18:22 of 1st period - Sean Kuraly wins face-off versus Nick Cousins in LOS ANGELES zone.
18:22 of 1st period - Cam Atkinson is hit by Johnny Boychuk and loses puck.
18:25 of 1st period - Shot by Erik Cernak.
18:25 of 1st period - Shot Blocked by Josh Manson.
18:27 of 1st period - Shot by Cam Atkinson.
18:27 of 1st period - Stopped by Antti Raanta without a rebound.
18:28 of 1st period - Mika Zibanejad wins face-off versus Aleksander Barkov in LOS ANGELES zone.
18:46 of 1st period - Off-side.
18:47 of 1st period - Mike Hoffman wins face-off versus Luke Kunin in neutral zone.
18:58 of 1st period - Icing by Jacob Trouba.
18:59 of 1st period - Mika Zibanejad wins face-off versus Luke Kunin in COLUMBUS zone.
19:16 of 1st period - Shot by Luke Kunin.
19:16 of 1st period - Stopped by Antti Raanta without a rebound.
19:17 of 1st period - Aleksander Barkov wins face-off versus Jonathan Toews in LOS ANGELES zone.
19:28 of 1st period - Shot by Jonathan Toews.
19:28 of 1st period - Stopped by Mikko Koskinen without a rebound.
19:29 of 1st period - Luke Kunin wins face-off versus Mika Zibanejad in COLUMBUS zone.
19:29 of 1st period - Luke Kunin is hit by Mika Zibanejad.
Goals for this period are 0 for LOS ANGELES vs 1 for COLUMBUS.
Shots for this period are 5 for LOS ANGELES vs 14 for COLUMBUS.

2nd period


0:01 of 2nd period - Jonathan Toews wins face-off versus Aleksander Barkov in neutral zone.
0:10 of 2nd period - Off-side.
0:11 of 2nd period - Derek Grant wins face-off versus Mika Zibanejad in neutral zone.
0:50 of 2nd period - Shot by Cam Atkinson.
0:50 of 2nd period - Shot Blocked by Josh Manson.
0:52 of 2nd period - Shot by Sean Kuraly.
0:52 of 2nd period - Shot Blocked by Mika Zibanejad.
1:59 of 2nd period - Steven Stamkos is hit by Zdeno Chara and loses puck.
2:09 of 2nd period - Zdeno Chara is hit by Ben Chiarot and loses puck.
2:13 of 2nd period - Minor Penalty to Ben Chiarot for Holding.
2:14 of 2nd period - T.J. Oshie wins face-off versus Mika Zibanejad in COLUMBUS zone.
2:20 of 2nd period - Icing by Zdeno Chara.
2:21 of 2nd period - Mika Zibanejad wins face-off versus T.J. Oshie in LOS ANGELES zone.
3:27 of 2nd period - Shot by Jonathan Toews.
3:27 of 2nd period - Stopped by Mikko Koskinen with a rebound.
3:29 of 2nd period - Shot by Nick Bonino.
3:29 of 2nd period - Shot Hit the Post.
4:01 of 2nd period - Shot by Mika Zibanejad.
4:01 of 2nd period - Shot Misses the Net.
5:23 of 2nd period - Sean Kuraly is hit by Ryan McDonagh.
7:22 of 2nd period - Shot by Cam Atkinson.
7:22 of 2nd period - Shot Misses the Net.
7:24 of 2nd period - Shot by Cam Atkinson.
7:24 of 2nd period - Stopped by Antti Raanta with a rebound.
7:26 of 2nd period - Shot by Erik Cernak.
7:26 of 2nd period - Shot Misses the Net.
7:45 of 2nd period - Icing by Cam Atkinson.
7:46 of 2nd period - Travis Zajac wins face-off versus Derek Grant in COLUMBUS zone.
8:19 of 2nd period - Shot by Steven Stamkos.
8:19 of 2nd period - Shot Misses the Net.
8:49 of 2nd period - Shot by Aleksander Barkov.
8:49 of 2nd period - Stopped by Antti Raanta with a rebound.
9:29 of 2nd period - Shot by Mike Hoffman.
9:29 of 2nd period - Stopped by Mikko Koskinen without a rebound.
9:30 of 2nd period - Jack Roslovic wins face-off versus Mika Zibanejad in COLUMBUS zone.
9:32 of 2nd period - Minor Penalty to Matthew Tkachuk for Hooking.
9:33 of 2nd period - Mika Zibanejad wins face-off versus Aleksander Barkov in LOS ANGELES zone.
10:03 of 2nd period - Icing by Steven Stamkos.
10:04 of 2nd period - Aleksander Barkov wins face-off versus Mika Zibanejad in COLUMBUS zone.
10:09 of 2nd period - Shot by John Carlson.
10:09 of 2nd period - Stopped by Antti Raanta with a rebound.
10:41 of 2nd period - Shot by Jacob Trouba.
10:41 of 2nd period - Shot Blocked by Kris Letang.
10:48 of 2nd period - Icing by Ben Chiarot.
10:49 of 2nd period - Mika Zibanejad wins face-off versus Luke Kunin in COLUMBUS zone.
10:52 of 2nd period - Shot by Jonathan Toews.
10:52 of 2nd period - Stopped by Mikko Koskinen without a rebound.
10:53 of 2nd period - Luke Kunin wins face-off versus Mika Zibanejad in COLUMBUS zone.
11:10 of 2nd period - Kris Letang is hit by T.J. Oshie.
11:14 of 2nd period - Shot by John Carlson.
11:14 of 2nd period - Stopped by Antti Raanta without a rebound.
11:15 of 2nd period - Mika Zibanejad wins face-off versus Aleksander Barkov in LOS ANGELES zone.
11:15 of 2nd period - Mika Zibanejad is hit by Steven Stamkos.
11:46 of 2nd period - Icing by Sean Kuraly.
11:47 of 2nd period - Derek Grant wins face-off versus Nick Cousins in COLUMBUS zone.
12:04 of 2nd period - Shot by Cam Atkinson.
12:04 of 2nd period - Stopped by Antti Raanta without a rebound.
12:05 of 2nd period - Aleksander Barkov wins face-off versus Mika Zibanejad in LOS ANGELES zone.
13:15 of 2nd period - Icing by Jacob Trouba.
13:16 of 2nd period - Jonathan Toews wins face-off versus Luke Kunin in COLUMBUS zone.
13:16 of 2nd period - Mike Hoffman is hit by Ben Chiarot and loses puck.
13:55 of 2nd period - Jonathan Toews is hit by Jacob Trouba and loses puck.
15:14 of 2nd period - Off-side.
15:15 of 2nd period - Aleksander Barkov wins face-off versus Mika Zibanejad in neutral zone.
15:28 of 2nd period - Shot by Aleksander Barkov.
15:28 of 2nd period - Shot Misses the Net.
15:44 of 2nd period - Shot by Aleksander Barkov.
15:44 of 2nd period - Deflect By Steven Stamkos.
15:44 of 2nd period - Stopped by Antti Raanta without a rebound.
15:45 of 2nd period - Jack Roslovic wins face-off versus Nick Cousins in LOS ANGELES zone.
15:55 of 2nd period - Minor Penalty to Zdeno Chara for Cross-checking.
15:56 of 2nd period - Aleksander Barkov wins face-off versus Mika Zibanejad in LOS ANGELES zone.
16:09 of 2nd period - Alex Goligoski is hit by Steven Stamkos and loses puck.
16:22 of 2nd period - Shot by Aleksander Barkov.
16:22 of 2nd period - Stopped by Antti Raanta without a rebound.
16:23 of 2nd period - Luke Kunin wins face-off versus Mika Zibanejad in LOS ANGELES zone.
16:52 of 2nd period - Shot by John Carlson.
16:52 of 2nd period - Stopped by Antti Raanta without a rebound.
16:53 of 2nd period - Steven Stamkos wins face-off versus Mika Zibanejad in LOS ANGELES zone.
17:13 of 2nd period - Off-side.
17:14 of 2nd period - Luke Kunin wins face-off versus Matthew Tkachuk in neutral zone.
17:20 of 2nd period - Off-side.
17:21 of 2nd period - Aleksander Barkov wins face-off versus Mika Zibanejad in neutral zone.
17:28 of 2nd period - Shot by John Carlson.
17:28 of 2nd period - Stopped by Antti Raanta without a rebound.
17:29 of 2nd period - Mika Zibanejad wins face-off versus Luke Kunin in LOS ANGELES zone.
17:38 of 2nd period - Shot by Mika Zibanejad.
17:38 of 2nd period - Stopped by Mikko Koskinen with a rebound.
17:45 of 2nd period - Icing by Mattias Ekholm.
17:46 of 2nd period - Mika Zibanejad wins face-off versus Luke Kunin in COLUMBUS zone.
18:33 of 2nd period - Icing by Anthony Beauvillier.
18:34 of 2nd period - Jonathan Toews wins face-off versus Steven Stamkos in COLUMBUS zone.
18:49 of 2nd period - Icing by Anthony Beauvillier.
18:50 of 2nd period - Mika Zibanejad wins face-off versus Aleksander Barkov in COLUMBUS zone.
19:22 of 2nd period - Shot by Mika Zibanejad.
19:22 of 2nd period - Stopped by Mikko Koskinen with a rebound.
19:30 of 2nd period - Shot by Mika Zibanejad.
19:30 of 2nd period - Stopped by Mikko Koskinen without a rebound.
19:31 of 2nd period - Jonathan Toews wins face-off versus Derek Grant in COLUMBUS zone.
19:59 of 2nd period - Shot by Cam Atkinson.
19:59 of 2nd period - Stopped by Antti Raanta without a rebound.
Goals for this period are 0 for LOS ANGELES vs 0 for COLUMBUS.
Shots for this period are 6 for LOS ANGELES vs 10 for COLUMBUS.

3rd period


0:01 of 3rd period - Aleksander Barkov wins face-off versus Mika Zibanejad in neutral zone.
0:04 of 3rd period - Ryan McDonagh is hit by Anthony Beauvillier and loses puck.
0:12 of 3rd period - Aleksander Barkov is hit by Ryan McDonagh and loses puck.
0:34 of 3rd period - Aleksander Barkov is hit by Kris Letang and loses puck.
1:08 of 3rd period - Shot by T.J. Oshie.
1:08 of 3rd period - Shot Misses the Net.
1:13 of 3rd period - Icing by Alex Goligoski.
1:14 of 3rd period - Derek Grant wins face-off versus Jonathan Toews in LOS ANGELES zone.
1:15 of 3rd period - Shot by Cam Atkinson.
1:15 of 3rd period - Stopped by Antti Raanta with a rebound.
1:48 of 3rd period - Shot by Jonathan Toews.
1:48 of 3rd period - Stopped by Mikko Koskinen without a rebound.
1:49 of 3rd period - Luke Kunin wins face-off versus Travis Zajac in COLUMBUS zone.
1:49 of 3rd period - Luke Kunin is hit by Vladislav Namestnikov.
2:23 of 3rd period - Icing by John Carlson.
2:24 of 3rd period - Mika Zibanejad wins face-off versus Luke Kunin in COLUMBUS zone.
2:29 of 3rd period - Shot by Mika Zibanejad.
2:29 of 3rd period - Deflect By Matthew Tkachuk.
2:29 of 3rd period - Stopped by Mikko Koskinen without a rebound.
2:30 of 3rd period - Aleksander Barkov wins face-off versus Mika Zibanejad in COLUMBUS zone.
2:32 of 3rd period - Icing by Steven Stamkos.
2:33 of 3rd period - Mika Zibanejad wins face-off versus Aleksander Barkov in COLUMBUS zone.
2:46 of 3rd period - Shot by Mika Zibanejad.
2:46 of 3rd period - Stopped by Mikko Koskinen without a rebound.
2:47 of 3rd period - Luke Kunin wins face-off versus Jonathan Toews in COLUMBUS zone.
2:47 of 3rd period - Luke Kunin is hit by Jonathan Toews.
3:06 of 3rd period - Jonathan Toews is hit by Mattias Ekholm and loses puck.
4:03 of 3rd period - Shot by Steven Stamkos.
4:03 of 3rd period - Shot Blocked by Ryan McDonagh.
4:05 of 3rd period - Shot by Aleksander Barkov.
4:05 of 3rd period - Shot Blocked by Ryan McDonagh.
4:09 of 3rd period - Shot by Aleksander Barkov.
4:09 of 3rd period - Stopped by Antti Raanta without a rebound.
4:10 of 3rd period - Travis Zajac wins face-off versus Derek Grant in LOS ANGELES zone.
4:45 of 3rd period - Shot by Johnny Boychuk.
4:45 of 3rd period - Stopped by Mikko Koskinen without a rebound.
4:46 of 3rd period - Aleksander Barkov wins face-off versus Jonathan Toews in COLUMBUS zone.
4:48 of 3rd period - Icing by Steven Stamkos.
4:49 of 3rd period - Steven Stamkos wins face-off versus Matthew Tkachuk in COLUMBUS zone.
4:49 of 3rd period - Aleksander Barkov is hit by Matthew Tkachuk and loses puck.
5:04 of 3rd period - Shot by Aleksander Barkov.
5:04 of 3rd period - Shot Blocked by Ryan McDonagh.
5:44 of 3rd period - Shot by Mike Hoffman.
5:44 of 3rd period - Shot Misses the Net.
5:46 of 3rd period - Shot by Jonathan Toews.
5:46 of 3rd period - Stopped by Mikko Koskinen with a rebound.
7:12 of 3rd period - Shot by Sean Kuraly.
7:12 of 3rd period - Stopped by Antti Raanta without a rebound.
7:13 of 3rd period - Jack Roslovic wins face-off versus Mika Zibanejad in LOS ANGELES zone.
7:26 of 3rd period - Shot by Jack Roslovic.
7:26 of 3rd period - Stopped by Antti Raanta without a rebound.
7:27 of 3rd period - Derek Grant wins face-off versus Jonathan Toews in LOS ANGELES zone.
7:27 of 3rd period - Derek Grant is hit by Zdeno Chara.
8:04 of 3rd period - Shot by Jonathan Toews.
8:04 of 3rd period - Shot Blocked by Ben Chiarot.
8:44 of 3rd period - Shot by Matthew Tkachuk.
8:44 of 3rd period - Stopped by Mikko Koskinen without a rebound.
8:45 of 3rd period - Aleksander Barkov wins face-off versus Travis Zajac in COLUMBUS zone.
8:58 of 3rd period - Shot by Anthony Beauvillier.
8:58 of 3rd period - Stopped by Antti Raanta without a rebound.
8:59 of 3rd period - Luke Kunin wins face-off versus Nick Cousins in LOS ANGELES zone.
9:11 of 3rd period - Off-side.
9:12 of 3rd period - Tyler Seguin wins face-off versus Aleksander Barkov in neutral zone.
9:12 of 3rd period - Mika Zibanejad is hit by Anthony Beauvillier.
9:33 of 3rd period - Tyler Seguin is hit by Erik Cernak and loses puck.
11:12 of 3rd period - Mike Hoffman is hit by Jacob Trouba.
11:30 of 3rd period - Shot by Artem Anisimov.
11:30 of 3rd period - Shot Misses the Net.
11:32 of 3rd period - Shot by Travis Zajac.
11:32 of 3rd period - Deflect By Vladislav Namestnikov.
11:32 of 3rd period - Stopped by Mikko Koskinen without a rebound.
11:33 of 3rd period - Jack Roslovic wins face-off versus Mika Zibanejad in COLUMBUS zone.
11:35 of 3rd period - Icing by John Carlson.
11:36 of 3rd period - Jack Roslovic wins face-off versus Mika Zibanejad in COLUMBUS zone.
11:54 of 3rd period - Shot by Jack Roslovic.
11:54 of 3rd period - Stopped by Antti Raanta without a rebound.
11:55 of 3rd period - Travis Zajac wins face-off versus Aleksander Barkov in LOS ANGELES zone.
12:11 of 3rd period - Shot by Aleksander Barkov.
12:11 of 3rd period - Shot Misses the Net.
12:55 of 3rd period - Shot by Alex Goligoski.
12:55 of 3rd period - Stopped by Mikko Koskinen without a rebound.
12:56 of 3rd period - Nick Cousins wins face-off versus Luke Kunin in COLUMBUS zone.
13:04 of 3rd period - Shot by Gabriel Bourque.
13:04 of 3rd period - Stopped by Mikko Koskinen without a rebound.
13:05 of 3rd period - Mika Zibanejad wins face-off versus Derek Grant in COLUMBUS zone.
13:35 of 3rd period - Minor Penalty to Sean Kuraly for Hooking.
13:36 of 3rd period - Aleksander Barkov wins face-off versus Jonathan Toews in COLUMBUS zone.
13:51 of 3rd period - Shot by Nick Bonino.
13:51 of 3rd period - Deflect By Jonathan Toews.
13:51 of 3rd period - Stopped by Mikko Koskinen with a rebound.
13:53 of 3rd period - Shot by Zdeno Chara.
13:53 of 3rd period - Stopped by Mikko Koskinen without a rebound.
13:54 of 3rd period - Aleksander Barkov wins face-off versus Mika Zibanejad in COLUMBUS zone.
14:23 of 3rd period - Shot by Kris Letang.
14:23 of 3rd period - Shot Hit the Post.
15:40 of 3rd period - Vladislav Namestnikov is hit by Erik Cernak and loses puck.
15:44 of 3rd period - Icing by Erik Cernak.
15:45 of 3rd period - Nick Cousins wins face-off versus Derek Grant in COLUMBUS zone.
16:17 of 3rd period - Cam Atkinson is hit by Johnny Boychuk.
16:59 of 3rd period - Shot by Jonathan Drouin.
16:59 of 3rd period - Stopped by Antti Raanta without a rebound.
17:00 of 3rd period - Jonathan Toews wins face-off versus Aleksander Barkov in LOS ANGELES zone.
17:53 of 3rd period - Off-side.
17:54 of 3rd period - Luke Kunin wins face-off versus Mika Zibanejad in neutral zone.
18:57 of 3rd period - Shot by Sean Kuraly.
18:57 of 3rd period - Stopped by Antti Raanta with a rebound.
19:47 of 3rd period - Shot by Mattias Ekholm.
19:47 of 3rd period - Stopped by Antti Raanta without a rebound.
19:48 of 3rd period - Steven Stamkos wins face-off versus Mika Zibanejad in LOS ANGELES zone.
Goals for this period are 0 for LOS ANGELES vs 0 for COLUMBUS.
Shots for this period are 11 for LOS ANGELES vs 9 for COLUMBUS.